 Dungeon Crawl Stone Soup version 0.25-a0-108-gda8bd6cf83 (webtiles) character file.

Game seed: 2568531598720857295, levelgen mode: deterministic

28 Gebura the Skirmisher (level 3, 29/29 HPs)
             Began as a Demonspawn Monk on Nov 17, 2019.
             Quit the game on level 1 of the Dungeon.
             The game lasted 00:02:26 (1219 turns).

Gebura the Skirmisher (Demonspawn Monk)             Turns: 1219, Time: 00:02:27

Health: 29/29      AC:  2    Str: 12    XL:     3   Next: 0%
Magic:  3/3        EV: 13    Int: 11    God:
Gold:   98         SH:  0    Dex: 15    Spells: 2/2 levels left

rFire    . . .     SeeInvis .     - Unarmed
rCold    . . .     Gourm    .   (no shield)
rNeg     . . .     Faith    .   a - +0 robe
rPois    .         Spirit   .   (no helmet)
rElec    .         Reflect  .   (no cloak)
rCorr    .         Harm     .   (no gloves)
MR       .....                  (no boots)
Stlth    +++.......             (no amulet)
HPRegen  0.09/turn              f - ring of wizardry
MPRegen  0.08/turn              (no ring)

@: no status effects
A: talons 1, nightstalker 1
a: no special abilities


You were on level 1 of the Dungeon.
You were not hungry.

You visited 1 branch of the dungeon, and saw 1 of its levels.

You collected 98 gold pieces.

Inventory:

Armour
 a - a +0 robe (worn)
Jewellery
 f - a ring of wizardry (left hand)
Scrolls
 c - 2 scrolls of identify {unknown}
 d - 3 scrolls of enchant armour {unknown}
 e - a scroll of teleportation {unknown}
 h - a scroll of remove curse {unknown}
 i - a scroll of fog {unknown}
Potions
 g - a potion of agility {unknown}
Comestibles
 b - 3 rations


   Skills:
 + Level 3.3 Fighting
 + Level 1.0 Armour
 + Level 3.0 Dodging
 + Level 1.9 Stealth
 + Level 3.0 Unarmed Combat


You had 2 spell levels left.
You didn't know any spells.
Your spell library was empty.

Dungeon Overview and Level Annotations

Branches:
Dungeon (1/15)

Altars:


Innate Abilities, Weirdness & Mutations

You have sharp toenails.
You are slightly more attuned to the shadows.


Message History

You barely miss the rat. The rat closely misses you.
You closely miss the rat. The rat bites you.
You hit the rat but do no damage. The rat closely misses you.
You hit the rat but do no damage. You hit the rat.
You kill the rat!
You have reached level 3!
Your experience leads to an increase in your attributes!
Increase (S)trength, (I)ntelligence, or (D)exterity?
You feel stronger.
Your demonic ancestry asserts itself...
Your toenails lengthen and sharpen.
You see here a rat corpse.
You butcher the rat corpse.
i - a chunk of flesh You see here a rat skeleton.
You start resting.
Eating a chunk of flesh.
You eat the chunk of flesh.
This raw flesh tastes terrible.
HP restored.
i - a scroll labeled NAYXOM UREA Are you sure you want to abandon this character and quit the game? (Confirm with "yes".)

############
#..........########
#####..................
#......................
#.....@................
#......#####.####.#####
..#...รท# #.# #.# ...
#.......#... #.# # ...
.....###......# ... .
.... #.... ..#.... ..#
## .... .....
........... . ....####
#... #.##..... .......#
#....###.# .. ..#


There were no monsters in sight!

Vanquished Creatures
  A gnoll (D:1)
  An ooze (D:1)
  A leopard gecko (D:1)
  A hobgoblin (D:1)
  3 jackals (D:1)
  A ball python (D:1)
  2 frilled lizards (D:1)
  A goblin (D:1)
  3 kobolds (D:1)
  2 rats (D:1)
16 creatures vanquished.

Notes
Turn   | Place    | Note
-------+----------+-------------------------------------------
     0 | D:1      | Gebura the Demonspawn Monk began the quest for the Orb.
     0 | D:1      | Reached XP level 1. HP: 18/18 MP: 1/1
   320 | D:1      | Gained mutation: You are slightly more attuned to the
                  | shadows. [demonic ancestry]
   320 | D:1      | Reached XP level 2. HP: 9/24 MP: 2/2
  1097 | D:1      | Reached skill level 1 in Armour
  1196 | D:1      | Gained mutation: You have sharp toenails. [demonic
                  | ancestry]
  1196 | D:1      | Reached XP level 3. HP: 27/29 MP: 3/3
  1219 | D:1      | Quit the game

Levels and vault maps discovered:
D:1:      sevenhm_arrival_forest_fort_small_4, layout_basic

Skill      XL: |  1  2 |
---------------+-------+-----
Unarmed Combat | 3 |  3.0
Armour         | 1 |  1.0
Dodging        | 3 |  3.0
Fighting       | |  3.3
Stealth        | |  1.9

Action                   || total
-------------------------++-------
Melee: Unarmed           ||    66
       Punch             ||     1
 Stab: Sleeping          ||     2
  Eat: Chunk             ||     1
Armor: Robe              ||     6
Dodge: Dodged            ||    37

Table legend:
 A = Non-vault XP
 B = Vault XP
 C = Vault XP percentage of total XP
 D = Non-vault monster count
 E = Vault monster count
 F = Vault count percentage of total count
                 A         B        C        D         E       F
            +---------+---------+-------+---------+---------+-------
      Total |      41 |       0 |   0.0 |      16 |       0 |   0.0
            +---------+---------+-------+---------+---------+-------
        D:1 |      41 |       0 |   0.0 |      16 |       0 |   0.0
            +---------+---------+-------+---------+---------+-------
